[Event "Carnaval"]
[Site "Quebec CAN"]
[Date "2025.02.22"]
[Round "2"]
[White "Marquis, Paul"]
[Black "Di Matteo, Alessio"]
[Result "0-1"]
[ECO "B42"]
[WhiteElo "1861"]
[BlackElo "1973"]
[WhiteFideId "-1"]
[WhiteFideId "-1"]
[PlyCount "74"]
[GameId "2151043325416374"]
[EventDate "2025.02.21"]
[EventType "swiss"]
[EventRounds "5"]
[EventCountry "CAN"]
[TimeControl "5400+30"]

1. e4 c5 2. Nf3 e6 3. d4 cxd4 4. Nxd4 a6 5. Bd3 Bc5 6. Nb3 Ba7 7. O-O Ne7 8. a4 Nbc6 9. Bg5 d6 10. Nc3 O-O 11. Kh1 e5 12. Qd2 Be6 13. Rad1 f6 14. Bh4 g5 15. Bg3 Ng6 16. Nd5 Bxd5 17. exd5 Nce7 18. c4 h6 19. f3 Nf4 20. Bb1 Rc8 21. Rc1 f5 22. Bf2 Bxf2 23. Rxf2 Qb6 24. Ba2 Nd3 25. Qxd3 Qxf2 26. c5 e4 27. Qd4 Qxd4 28. Nxd4 e3 29. Ne6 Rf6 30. Re1 Rxe6 31. dxe6 Rxc5 32. g3 f4 33. gxf4 gxf4 34. Re2 Kg7 35. Kg2 Kf6 36. b4 Rg5+ 37. Kh3 d5 0-1

[Event "Carnaval"]
[Site "Quebec CAN"]
[Date "2025.02.22"]
[Round "2"]
[White "Page-Fortin, Mathieu"]
[Black "Barrera, Eduardo"]
[Result "0-1"]
[ECO "A01"]
[WhiteElo "1999"]
[BlackElo "1717"]
[WhiteFideId "-1"]
[WhiteFideId "-1"]
[PlyCount "70"]
[GameId "2151043325432764"]
[EventDate "2025.02.21"]
[EventType "swiss"]
[EventRounds "5"]
[EventCountry "CAN"]
[TimeControl "5400+30"]

1. b3 e5 2. Bb2 Nc6 3. e3 Nf6 4. Bb5 d6 5. Ne2 Bd7 6. d4 Be7 7. O-O exd4 8. Nxd4 Nxd4 9. Bxd7+ Qxd7 10. Qxd4 O-O 11. Nc3 Rfe8 12. Rad1 Bf8 13. Rfe1 Re6 14. e4 Qc6 15. Re3 Rae8 16. Rde1 a6 17. b4 b6 18. f4 Qb7 19. Qd3 d5 20. e5 Bxb4 21. R3e2 Nd7 22. a3 Nc5 23. Qf3 Bxc3 24. Bxc3 Ne4 25. Bb2 Qc6 26. Rd1 Qb5 27. Ba1 c6 28. f5 Rh6 29. e6 fxe6 30. Rxe4 dxe4 31. Qg3 e5 32. c4 Qc5+ 33. Kh1 Rd6 34. Re1 Rd3 35. Qg5 Qf2 0-1

[Event "Carnaval"]
[Site "Quebec CAN"]
[Date "2025.02.22"]
[Round "2"]
[White "Turcotte, Jonathan"]
[Black "Latorre, Vincent"]
[Result "0-1"]
[ECO "D90"]
[WhiteElo "2036"]
[BlackElo "2368"]
[WhiteFideId "-1"]
[WhiteFideId "-1"]
[PlyCount "106"]
[GameId "2151043325432762"]
[EventDate "2025.02.21"]
[EventType "swiss"]
[EventRounds "5"]
[EventCountry "CAN"]
[TimeControl "5400+30"]

1. d4 Nf6 2. c4 g6 3. Nc3 d5 4. cxd5 Nxd5 5. Bd2 Bg7 6. e4 Nxc3 7. Bxc3 O-O 8. Nf3 Bg4 9. Be2 c5 10. d5 Bxc3+ 11. bxc3 e6 12. O-O exd5 13. exd5 Qd6 14. c4 Bxf3 15. Bxf3 Nd7 16. Qb3 Rab8 17. a4 a6 18. Rab1 b6 19. g3 Nf6 20. Rfe1 Rfe8 21. h4 h5 22. Qd3 Rxe1+ 23. Rxe1 Ne8 24. Qe3 Ng7 25. Qe7 Nf5 26. Qg5 Qd8 27. Qf4 Qd6 28. Re5 Ng7 29. Qe3 Kf8 30. Be2 Re8 31. f4 Re7 32. Bd3 Ne8 33. Kf2 Nf6 34. Be2 Nd7 35. Rxe7 Qxe7 36. Qd3 Qd6 37. Bf3 Kg8 38. Qe3 Kf8 39. Bg2 Nf6 40. Bf3 Nd7 41. Qe4 Nf6 42. Qe5 Qxe5 43. fxe5 Nd7 44. e6 Ne5 45. exf7 Nxc4 46. Be2 b5 47. Bxc4 bxc4 48. Ke3 Kxf7 49. Kd2 Ke7 50. Kc3 Kd6 51. Kxc4 a5 52. Kb5 Kxd5 53. Kxa5 Kc6 0-1

[Event "Carnaval"]
[Site "Quebec CAN"]
[Date "2025.02.22"]
[Round "2"]
[White "Wilkin, Alain"]
[Black "Sai, Krishna GV"]
[Result "0-1"]
[ECO "E67"]
[WhiteElo "1815"]
[BlackElo "2445"]
[WhiteFideId "-1"]
[WhiteFideId "-1"]
[PlyCount "56"]
[GameId "2151043325416373"]
[EventDate "2025.02.21"]
[EventType "swiss"]
[EventRounds "5"]
[EventCountry "CAN"]
[TimeControl "5400+30"]

1. Nf3 g6 2. d4 Nf6 3. c4 Bg7 4. g3 O-O 5. Nc3 d6 6. Bg2 Nbd7 7. O-O e5 8. e3 c6 9. Qc2 Re8 10. b4 Nf8 11. dxe5 dxe5 12. Bb2 Bf5 13. e4 Bg4 14. h3 Bxf3 15. Bxf3 Qe7 16. c5 a5 17. a3 Qe6 18. Kh2 axb4 19. axb4 Qc4 20. Rfb1 Ne6 21. Bg2 Nd4 22. Qd1 Qxb4 23. Na4 Qb3 24. Bxd4 Qxd1 25. Rxd1 exd4 26. f3 d3 27. Nb6 Rxa1 28. Rxa1 Ng4+ 0-1

[Event "Carnaval"]
[Site "Quebec CAN"]
[Date "2025.02.22"]
[Round "2"]
[White "Zhang, Yitian"]
[Black "Berube, Maximilien"]
[Result "0-1"]
[ECO "E32"]
[WhiteElo "1784"]
[BlackElo "1919"]
[WhiteFideId "-1"]
[WhiteFideId "-1"]
[PlyCount "78"]
[GameId "2151043325428665"]
[EventDate "2025.02.21"]
[EventType "swiss"]
[EventRounds "5"]
[EventCountry "CAN"]
[TimeControl "5400+30"]

1. d4 Nf6 2. c4 e6 3. Nc3 Bb4 4. Qc2 O-O 5. Bg5 d6 6. e3 b6 7. Bd3 h6 8. Bh4 Bb7 9. f3 c5 10. dxc5 bxc5 11. Nge2 d5 12. O-O Nbd7 13. a3 Ba5 14. Rab1 Rc8 15. b4 Bb6 16. bxc5 Nxc5 17. cxd5 Nxd3 18. Qxd3 g5 19. Bf2 Nxd5 20. Nxd5 Bxd5 21. Rfd1 Qf6 22. Ng3 Rc3 23. Ne4 Bxe4 24. Qxe4 Rxa3 25. g4 Rd8 26. Kg2 Ra2 27. h3 Rdd2 28. Rxd2 Rxd2 29. Kg1 Qc3 30. h4 Qc2 31. Qxc2 Rxc2 32. hxg5 hxg5 33. Rb3 Kf8 34. Kf1 Ke7 35. Rd3 a5 36. Rb3 Bc5 37. Rb7+ Kf6 38. f4 a4 39. fxg5+ Kg6 0-1

[Event "Carnaval"]
[Site "Quebec CAN"]
[Date "2025.02.22"]
[Round "3"]
[White "Berube, Maximilien"]
[Black "Turcotte, Jonathan"]
[Result "0-1"]
[ECO "D23"]
[WhiteElo "1919"]
[BlackElo "2036"]
[WhiteFideId "-1"]
[WhiteFideId "-1"]
[PlyCount "150"]
[GameId "2151043325449158"]
[EventDate "2025.02.21"]
[EventType "swiss"]
[EventRounds "5"]
[EventCountry "CAN"]
[TimeControl "5400+30"]

1. d4 d5 2. Nf3 Nf6 3. c4 c6 4. Qc2 dxc4 5. Qxc4 Bf5 6. g3 e6 7. Bg2 Nbd7 8. Nc3 h6 9. O-O Be7 10. Rd1 O-O 11. Ne1 Bh7 12. e4 Qb6 13. Nd3 Rac8 14. a4 a5 15. Be3 Ng4 16. Bf4 g5 17. Bd2 e5 18. h3 Qxd4 19. Qxd4 exd4 20. hxg4 dxc3 21. Bxc3 b6 22. f3 Rfd8 23. Bf1 f6 24. Re1 Nc5 25. Nxc5 Bxc5+ 26. Kg2 Bd4 27. Rad1 Bxc3 28. bxc3 Bg6 29. Bc4+ Bf7 30. Bxf7+ Kxf7 31. Kf2 b5 32. axb5 cxb5 33. Rxd8 Rxd8 34. Rb1 Rb8 35. Ra1 a4 36. Ke3 Ke6 37. Kd4 Rc8 38. Rb1 Rc4+ 39. Kd3 Rc5 40. Kd4 Kd6 41. f4 Rc4+ 42. Kd3 Kc5 43. Ra1 Kd6 44. Rb1 Kc6 45. Ra1 Kb6 46. Ra2 Rc8 47. Ra1 Kc5 48. Rh1 Rh8 49. fxg5 fxg5 50. Rh2 a3 51. Kc2 Kc4 52. Rd2 Ra8 53. Rd4+ Kc5 54. Rd5+ Kc6 55. Rd1 Ra4 56. Kb3 Rxe4 57. Kxa3 Rxg4 58. Rh1 Rxg3 59. Rxh6+ Kc5 60. Kb2 Rg2+ 61. Kb3 Rf2 62. Rg6 Rf5 63. Kc2 Kc4 64. Kd2 Kb3 65. Rb6 Rd5+ 66. Ke3 Kxc3 67. Ke4 Rc5 68. Rd6 b4 69. Rd3+ Kc2 70. Rg3 b3 71. Rg2+ Kb1 72. Kd3 b2 73. Rg1+ Ka2 74. Rg2 Ka1 75. Kd4 Ra5 0-1

[Event "Carnaval"]
[Site "Quebec CAN"]
[Date "2025.02.22"]
[Round "3"]
[White "Bourassa, Samuel"]
[Black "Rainfray, Arnaud"]
[Result "0-1"]
[ECO "C54"]
[WhiteElo "2044"]
[BlackElo "2350"]
[WhiteFideId "-1"]
[WhiteFideId "-1"]
[PlyCount "100"]
[GameId "2151043325449159"]
[EventDate "2025.02.21"]
[EventType "swiss"]
[EventRounds "5"]
[EventCountry "CAN"]
[TimeControl "5400+30"]

1. e4 e5 2. Nf3 Nc6 3. Bc4 Nf6 4. d3 Bc5 5. c3 d6 6. b4 Bb6 7. a4 a5 8. b5 Ne7 9. Qb3 O-O 10. Be3 Bxe3 11. fxe3 c6 12. bxc6 bxc6 13. Qc2 Qb6 14. d4 exd4 15. cxd4 d5 16. exd5 Bf5 17. Qb3 Qxb3 18. Bxb3 Rab8 19. Nbd2 Nexd5 20. Bxd5 cxd5 21. Ne5 Rb2 22. Rf1 Ne4 23. Nxe4 Bxe4 24. Rf2 Rb3 25. Re2 Rb7 26. Rc1 Rb4 27. Nd7 Re8 28. Nc5 Bf5 29. Rc3 Bg4 30. Rd2 h5 31. Kf2 Bf5 32. h3 h4 33. Ra2 Reb8 34. Kf3 Rb1 35. Kf4 Rf1+ 36. Kg5 Bb1 37. Rd2 Rb6 38. Kxh4 Rg6 39. Nb3 Be4 40. Rc1 Rf5 41. Rg1 f6 42. Nxa5 Kh7 43. Nb7 Kh6 44. g4 Rf3 45. Rg3 Rf1 46. Nd6 Kh7 47. g5 fxg5+ 48. Rxg5 Rxd6 49. Rb2 Rh6+ 50. Kg4 Rg1+ 0-1

[Event "Carnaval"]
[Site "Quebec CAN"]
[Date "2025.02.22"]
[Round "3"]
[White "Drolet, Stephane"]
[Black "Chiku-Ratte, Olivier-Kenta"]
[Result "0-1"]
[ECO "D03"]
[WhiteElo "2038"]
[BlackElo "2402"]
[WhiteFideId "-1"]
[WhiteFideId "-1"]
[PlyCount "48"]
[GameId "2150748453581759"]
[EventDate "2025.02.21"]
[EventType "swiss"]
[EventRounds "5"]
[EventCountry "CAN"]
[TimeControl "5400+30"]

1. d4 Nf6 2. Nf3 c5 3. c3 g6 4. Bg5 Bg7 5. Nbd2 d5 6. e3 Qb6 7. Qb3 c4 8. Qc2 Bf5 9. Qc1 O-O 10. h3 Nc6 11. b3 cxb3 12. axb3 h6 13. Bf4 Ne4 14. g4 Nxd2 15. Nxd2 Bd7 16. Bg2 e5 17. Bg3 exd4 18. exd4 Qb5 19. Nf1 Rac8 20. Qd1 Na5 21. b4 Rxc3 22. bxa5 Qb4 23. Nd2 Rxg3 24. fxg3 Re8+ 0-1

[Event "Carnaval"]
[Site "Quebec CAN"]
[Date "2025.02.22"]
[Round "3"]
[White "Girouard, Michel"]
[Black "Page-Fortin, Mathieu"]
[Result "1/2-1/2"]
[ECO "A80"]
[WhiteElo "1751"]
[BlackElo "1999"]
[WhiteFideId "-1"]
[WhiteFideId "-1"]
[PlyCount "95"]
[GameId "2151043325473749"]
[EventDate "2025.02.21"]
[EventType "swiss"]
[EventRounds "5"]
[EventCountry "CAN"]
[TimeControl "5400+30"]

1. d4 e6 2. Bf4 f5 3. e3 Nf6 4. Nd2 b6 5. Ngf3 Bb7 6. Be2 Be7 7. c4 Ne4 8. Nxe4 Bxe4 9. O-O d6 10. Nd2 Bb7 11. Bf3 Bxf3 12. Qxf3 Nd7 13. h4 Bxh4 14. e4 O-O 15. exf5 exf5 16. g3 Bg5 17. Kg2 Bxf4 18. Qxf4 Qf6 19. Nf3 Rfe8 20. Rae1 Nf8 21. d5 Ng6 22. Qd4 Ne5 23. Nxe5 dxe5 24. Qc3 Re7 25. f4 Rae8 26. Rxe5 Rxe5 27. fxe5 Qxe5 28. Qxe5 Rxe5 29. Kf3 g5 30. Rd1 Kf7 31. d6 cxd6 32. Rxd6 f4 33. gxf4 Rf5 34. Kg4 Rxf4+ 35. Kxg5 Rxc4 36. Rd7+ Ke6 37. Rxa7 Rc2 38. b4 Rg2+ 39. Kf4 h5 40. Kf3 Rb2 41. a3 Kd5 42. Rd7+ Kc4 43. Rc7+ Kb5 44. Rc3 Ka4 45. Rc6 b5 46. Ra6+ Kb3 47. Rb6 Ka4 48. Ra6+ 1/2-1/2

[Event "Carnaval"]
[Site "Quebec CAN"]
[Date "2025.02.22"]
[Round "3"]
[White "Jiang, Barron Jiyu"]
[Black "Berube, Antoine"]
[Result "1-0"]
[ECO "B32"]
[WhiteElo "1956"]
[BlackElo "2197"]
[WhiteFideId "-1"]
[WhiteFideId "-1"]
[PlyCount "119"]
[GameId "2151043325449161"]
[EventDate "2025.02.21"]
[EventType "swiss"]
[EventRounds "5"]
[EventCountry "CAN"]
[TimeControl "5400+30"]

1. e4 c5 2. Nf3 Nc6 3. d4 cxd4 4. Nxd4 e5 5. Nb5 d6 6. N1c3 a6 7. Na3 Be7 8. Nd5 Nf6 9. Nxf6+ Bxf6 10. Nc4 O-O 11. c3 b5 12. Ne3 Be6 13. Bd3 Bg5 14. Qe2 Na5 15. b3 g6 16. Bb2 f5 17. exf5 gxf5 18. h4 Bxe3 19. Qxe3 f4 20. Qf3 d5 21. Rd1 e4 22. Qe2 Qf6 23. Bb1 Rae8 24. c4 f3 25. Qd2 fxg2 26. Rg1 e3 27. Rxg2+ Kf7 28. Qe2 Bg4 29. Rxg4 exf2+ 30. Kf1 Rxe2 31. Bxf6 Re1+ 32. Rxe1 fxe1=Q+ 33. Kxe1 Re8+ 34. Kf2 Kxf6 35. cxd5 Re7 36. Rf4+ Kg7 37. Be4 Nb7 38. Ke3 Nd6 39. Kd4 b4 40. Bd3 Rc7 41. Bxa6 Ra7 42. Bc4 Rxa2 43. Kc5 Nxc4 44. Kxc4 Rd2 45. Rd4 Rc2+ 46. Kxb4 Kf7 47. Rc4 Rd2 48. Kc5 Ke7 49. Kc6 h5 50. Rc5 Kd8 51. b4 Rd4 52. b5 Rxh4 53. b6 Rb4 54. b7 h4 55. Rc3 Rb1 56. Rh3 Rc1+ 57. Kd6 Rb1 58. Rxh4 Rb6+ 59. Kc5 Rxb7 60. Rh8+ 1-0

[Event "Carnaval"]
[Site "Quebec CAN"]
[Date "2025.02.22"]
[Round "3"]
[White "Lane, Ryan"]
[Black "Di Matteo, Alessio"]
[Result "1-0"]
[ECO "B48"]
[WhiteElo "2204"]
[BlackElo "1973"]
[WhiteFideId "-1"]
[WhiteFideId "-1"]
[PlyCount "115"]
[GameId "2151043325449162"]
[EventDate "2025.02.21"]
[EventType "swiss"]
[EventRounds "5"]
[EventCountry "CAN"]
[TimeControl "5400+30"]

1. e4 c5 2. Nf3 e6 3. d4 cxd4 4. Nxd4 Nc6 5. Nc3 Qc7 6. Be3 a6 7. Qd2 Nf6 8. O-O-O Be7 9. f3 b5 10. g4 Bb7 11. h4 Rc8 12. Nb3 Ne5 13. Be2 d6 14. h5 Nfd7 15. f4 Nc4 16. Bxc4 bxc4 17. Nd4 Nc5 18. Qg2 Qa5 19. g5 Kd7 20. Nde2 Kc7 21. Bxc5 Qxc5 22. g6 hxg6 23. hxg6 Qe3+ 24. Kb1 Bf6 25. Rxh8 Rxh8 26. gxf7 Rb8 27. Qg4 Bxe4 28. Ka1 Bxc2 29. Rc1 Bd3 30. Qg1 Qxg1 31. Nxg1 Rf8 32. Re1 Kd7 33. Nf3 Bxc3 34. bxc3 Rxf7 35. Nd4 Rf6 36. Kb2 d5 37. Ka3 Be4 38. Rg1 g6 39. Rg4 Kd6 40. Kb4 e5 41. fxe5+ Kxe5 42. Kc5 Rf2 43. a4 Rb2 44. a5 Bf5 45. Rg1 Be4 46. Nc6+ Kf4 47. Nb4 g5 48. Nxa6 g4 49. Nb4 Rb3 50. Ra1 g3 51. a6 g2 52. a7 Bb1 53. Nxd5+ Ke5 54. a8=Q g1=Q+ 55. Kxc4 Rb2 56. Qe8+ Kf5 57. Qf7+ Ke4 58. Qf4# 1-0

[Event "Carnaval"]
[Site "Quebec CAN"]
[Date "2025.02.22"]
[Round "3"]
[White "Latorre, Vincent"]
[Black "Genzling, Jerome"]
[Result "1-0"]
[ECO "A07"]
[WhiteElo "2368"]
[BlackElo "2104"]
[WhiteFideId "-1"]
[WhiteFideId "-1"]
[PlyCount "69"]
[GameId "2151043325449160"]
[EventDate "2025.02.21"]
[EventType "swiss"]
[EventRounds "5"]
[EventCountry "CAN"]
[TimeControl "5400+30"]

1. Nf3 d5 2. g3 Nf6 3. Bg2 g6 4. O-O Bg7 5. c4 d4 6. b4 a5 7. Bb2 axb4 8. Bxd4 Nc6 9. Bb2 Be6 10. d3 O-O 11. a3 bxa3 12. Nxa3 Qd7 13. Nb5 Bh3 14. Rxa8 Rxa8 15. Bxh3 Qxh3 16. Nbd4 Nxd4 17. Bxd4 Ng4 18. Bxg7 Ra5 19. c5 Rxc5 20. Bd4 Rf5 21. Qa4 e5 22. Qe8+ Kg7 23. Bc5 Kh6 24. Qf8+ Kh5 25. Ra1 b6 26. Be3 Rxf3 27. exf3 Qxh2+ 28. Kf1 Nxe3+ 29. Ke2 Nc2 30. Ra4 Nd4+ 31. Rxd4 exd4 32. Qxf7 Kh6 33. Qf8+ Kh5 34. Qf4 g5 35. g4+ 1-0

[Event "Carnaval"]
[Site "Quebec CAN"]
[Date "2025.02.22"]
[Round "3"]
[White "Masse, Hugues"]
[Black "Dufresne, Christophe"]
[Result "1/2-1/2"]
[ECO "D00"]
[WhiteElo "2121"]
[BlackElo "1941"]
[WhiteFideId "-1"]
[WhiteFideId "-1"]
[PlyCount "167"]
[GameId "2151043325445060"]
[EventDate "2025.02.21"]
[EventType "swiss"]
[EventRounds "5"]
[EventCountry "CAN"]
[TimeControl "5400+30"]

1. d4 d5 2. Bf4 c5 3. e3 Nc6 4. Nf3 Bf5 5. dxc5 e6 6. Nd4 Bxc5 7. Nxf5 exf5 8. Bd3 Qf6 9. Nc3 Bb4 10. h4 Bxc3+ 11. bxc3 Qxc3+ 12. Kf1 Nge7 13. Rb1 b6 14. Bd6 Rd8 15. Rb3 Qf6 16. Ba3 O-O 17. h5 d4 18. h6 g6 19. Bb2 Qe6 20. Rh3 Na5 21. Bxd4 Nxb3 22. axb3 Nc6 23. Bg7 Ne5 24. Bxf8 Kxf8 25. Rh4 Ng4 26. Qa1 Qf6 27. Qxf6 Nxf6 28. Rc4 Ke7 29. f3 Ng8 30. Rh4 Nf6 31. Ke2 Rd6 32. Rh1 Nd5 33. Rc1 Re6 34. e4 Nf6 35. Ra1 a5 36. Ra4 fxe4 37. fxe4 Ng4 38. Rc4 Nxh6 39. Rc7+ Kd6 40. Ra7 Re7 41. Ra6 Kc5 42. Kf3 f6 43. c3 Nf7 44. b4+ axb4 45. cxb4+ Kc6 46. Ra3 Ne5+ 47. Kf4 Nxd3+ 48. Rxd3 Rd7 49. b5+ Kc7 50. Rc3+ Kb7 51. Rc6 Rf7 52. g4 h5 53. gxh5 gxh5 54. Re6 Kc7 55. Kf5 h4 56. Kg6 Rd7 57. Kxf6 Rd6 58. Rxd6 Kxd6 59. e5+ Kc5 60. e6 h3 61. e7 h2 62. e8=Q h1=Q 63. Qe3+ Kxb5 64. Qb3+ Ka6 65. Qa4+ Kb7 66. Qd7+ Kb8 67. Qe8+ Kc7 68. Qf7+ Kc6 69. Qe6+ Kc5 70. Qe3+ Kc4 71. Qe2+ Kc5 72. Qe3+ Kc4 73. Qe2+ Kb3 74. Qb5+ Kc3 75. Qe5+ Kd3 76. Qb5+ Kc3 77. Qe5+ Kb4 78. Qb2+ Ka5 79. Qa3+ Kb5 80. Qb3+ Kc6 81. Qe6+ Kc7 82. Qf7+ Kd8 83. Qg8+ Kc7 84. Qf7+ 1/2-1/2

[Event "Carnaval"]
[Site "Quebec CAN"]
[Date "2025.02.22"]
[Round "3"]
[White "Moses, Neil"]
[Black "Plante, Rejean"]
[Result "1-0"]
[ECO "B30"]
[WhiteElo "2326"]
[BlackElo "1957"]
[WhiteFideId "-1"]
[WhiteFideId "-1"]
[PlyCount "39"]
[GameId "2150748453581760"]
[EventDate "2025.02.21"]
[EventType "swiss"]
[EventRounds "5"]
[EventCountry "CAN"]
[TimeControl "5400+30"]

1. e4 c5 2. Nf3 e6 3. b3 Nc6 4. Bb2 d6 5. Bb5 Nge7 6. O-O a6 7. Bxc6+ Nxc6 8. d4 cxd4 9. Nxd4 Bd7 10. c4 Nxd4 11. Qxd4 Bc6 12. Nc3 e5 13. Qd3 Be7 14. Nd5 Bxd5 15. Qxd5 Qc7 16. f4 Bf6 17. Rad1 Rd8 18. Ba3 Qb6+ 19. Kh1 O-O 20. Bxd6 1-0

[Event "Carnaval"]
[Site "Quebec CAN"]
[Date "2025.02.22"]
[Round "3"]
[White "Vaillant, Charles-Etienne"]
[Black "Wilkin, Alain"]
[Result "1/2-1/2"]
[ECO "E69"]
[WhiteElo "1906"]
[BlackElo "1815"]
[WhiteFideId "-1"]
[WhiteFideId "-1"]
[PlyCount "132"]
[GameId "2151043325445061"]
[EventDate "2025.02.21"]
[EventType "swiss"]
[EventRounds "5"]
[EventCountry "CAN"]
[TimeControl "5400+30"]

1. Nf3 Nf6 2. c4 g6 3. d4 Bg7 4. g3 d6 5. Nc3 c6 6. Bg2 Qc7 7. O-O O-O 8. e4 Nbd7 9. h3 e5 10. Re1 Re8 11. Be3 a6 12. dxe5 dxe5 13. Qc2 Nf8 14. c5 N6d7 15. Na4 Ne6 16. Rad1 a5 17. Rd2 h6 18. Red1 g5 19. Bf1 Rb8 20. a3 Nd4 21. Nxd4 exd4 22. Bxd4 Ne5 23. Bxe5 Qxe5 24. Nb6 Be6 25. Bg2 Bf8 26. b4 axb4 27. axb4 Be7 28. Nd7 Bxd7 29. Rxd7 Red8 30. Rxd8+ Rxd8 31. Rxd8+ Bxd8 32. Qd2 Bf6 33. Qd7 Qa1+ 34. Bf1 Qe1 35. Qxb7 Qxe4 36. b5 Bd4 37. Qxc6 Qe1 38. Qc8+ Kg7 39. Qf5 Qc3 40. Bd3 Qxc5 41. Qxc5 Bxc5 42. Kf1 Kf6 43. Bc4 Ke7 44. Ke2 f6 45. f4 f5 46. Kf3 Kf6 47. fxg5+ hxg5 48. Bd5 Ke5 49. Bc6 Bb6 50. Bd7 Bc5 51. h4 gxh4 52. gxh4 Kf6 53. h5 Kg7 54. Bxf5 Kh8 55. Ke4 Kg8 56. Kd5 Bf2 57. Kc6 Be3 58. b6 Bxb6 59. Kxb6 Kg7 60. Kc7 Kh8 61. Kd7 Kg8 62. Ke7 Kh8 63. Kf6 Kg8 64. Kg6 Kh8 65. Kh6 Kg8 66. Be6+ Kh8 1/2-1/2

[Event "Carnaval"]
[Site "Quebec CAN"]
[Date "2025.02.23"]
[Round "4"]
[White "Berube, Antoine"]
[Black "Berube, Maximilien"]
[Result "1-0"]
[ECO "E01"]
[WhiteElo "2197"]
[BlackElo "1919"]
[WhiteFideId "-1"]
[WhiteFideId "-1"]
[PlyCount "81"]
[GameId "2151043325440959"]
[EventDate "2025.02.21"]
[EventType "swiss"]
[EventRounds "5"]
[EventCountry "CAN"]
[TimeControl "5400+30"]

1. d4 d5 2. c4 e6 3. Nf3 Nf6 4. g3 Bb4+ 5. Nbd2 O-O 6. Bg2 a5 7. O-O b6 8. cxd5 exd5 9. Nb1 Re8 10. a3 Bf8 11. Bf4 Nbd7 12. Nc3 c6 13. Rc1 Bb7 14. h4 Rc8 15. Bh3 Ra8 16. Re1 Ne4 17. Na4 Ndf6 18. Ne5 b5 19. Nc3 Nxc3 20. Rxc3 Ne4 21. Rc2 Ra6 22. f3 Nd6 23. Bd7 Re7 24. Bxc6 Nc4 25. Bxb5 Rae6 26. Nxc4 dxc4 27. Bxc4 Rg6 28. h5 Rb6 29. e4 Rd7 30. d5 Bd6 31. Bxd6 Rbxd6 32. Kg2 Rh6 33. Rh1 Ba6 34. Bxa6 Rxa6 35. Qe2 Rb6 36. Rhc1 Rb8 37. Qa6 Qg5 38. Rc8+ Rxc8 39. Rxc8+ Rd8 40. Qa8 Qd2+ 41. Kh3 1-0

[Event "Carnaval"]
[Site "Quebec CAN"]
[Date "2025.02.23"]
[Round "4"]
[White "Di Matteo, Alessio"]
[Black "Bourassa, Samuel"]
[Result "1-0"]
[ECO "A80"]
[WhiteElo "1973"]
[BlackElo "2044"]
[WhiteFideId "-1"]
[WhiteFideId "-1"]
[PlyCount "57"]
[GameId "2151043325440962"]
[EventDate "2025.02.21"]
[EventType "swiss"]
[EventRounds "5"]
[EventCountry "CAN"]
[TimeControl "5400+30"]

1. d4 f5 2. Bg5 d5 3. e3 Nf6 4. Bxf6 exf6 5. c4 c6 6. Nc3 Qb6 7. Qc2 Na6 8. a3 Nc7 9. Na4 Qa5+ 10. b4 Bxb4+ 11. axb4 Qxb4+ 12. Qc3 Qd6 13. c5 Qe7 14. Ne2 O-O 15. h4 Bd7 16. Nf4 b5 17. Nb2 Rfb8 18. Nbd3 Be8 19. h5 g5 20. hxg6 hxg6 21. Be2 g5 22. Nh5 Bg6 23. Nb4 Qe6 24. Na6 Ne8 25. Nxb8 Rxb8 26. Rxa7 Qe4 27. f3 Qb1+ 28. Bd1 f4 29. e4 1-0

[Event "Carnaval"]
[Site "Quebec CAN"]
[Date "2025.02.23"]
[Round "4"]
[White "Dufresne, Christophe"]
[Black "Jiang, Barron Jiyu"]
[Result "1/2-1/2"]
[ECO "B50"]
[WhiteElo "1941"]
[BlackElo "1956"]
[WhiteFideId "-1"]
[WhiteFideId "-1"]
[PlyCount "185"]
[GameId "2151043325453260"]
[EventDate "2025.02.21"]
[EventType "swiss"]
[EventRounds "5"]
[EventCountry "CAN"]
[TimeControl "5400+30"]

1. e4 c5 2. Nf3 d6 3. c3 Nf6 4. h3 Nc6 5. d3 e6 6. Be2 Be7 7. O-O O-O 8. Be3 b6 9. Nbd2 Qc7 10. Nh2 d5 11. Rc1 Rd8 12. Qc2 Bb7 13. Nb3 dxe4 14. dxe4 Nxe4 15. Bd3 Nf6 16. Nd2 Ne5 17. Be2 Nd5 18. Ndf3 Nxe3 19. fxe3 Nxf3+ 20. Bxf3 c4 21. Be4 Bxe4 22. Qxe4 Rac8 23. Rf2 Bd6 24. Nf3 Qc6 25. Qc2 h6 26. Nd4 Qd5 27. e4 Qe5 28. Nf3 Qg3 29. Re2 Bc5+ 30. Kh1 b5 31. Rd1 Bb6 32. Nd4 Bxd4 33. cxd4 b4 34. d5 b3 35. Qb1 Rd6 36. Rd4 Qe5 37. Red2 exd5 38. exd5 Rc5 39. axb3 Rcxd5 40. Re4 Rxd2 41. Rxe5 Rd1+ 42. Qxd1 Rxd1+ 43. Kh2 cxb3 44. Re3 a5 45. Rxb3 Rd5 46. Rb8+ Kh7 47. b4 axb4 48. Rxb4 Kg6 49. Rb6+ Kg5 50. Rb7 Kf6 51. Rb6+ Ke5 52. Rb7 Ke6 53. Rb6+ Rd6 54. Rb7 h5 55. h4 g6 56. g3 f6 57. Kh3 Rd5 58. Rg7 Kf5 59. Ra7 Ke4 60. Ra6 Kf5 61. Ra7 g5 62. hxg5 fxg5 63. Ra2 g4+ 64. Kg2 Ke4 65. Kf2 Rd4 66. Re2+ Kd3 67. Re5 Rc4 68. Rxh5 Rc2+ 69. Kg1 Ke4 70. Ra5 Re2 71. Ra4+ Kf3 72. Ra3+ Re3 73. Ra1 Kxg3 74. Rb1 Ra3 75. Rc1 Kh3 76. Rb1 Rg3+ 77. Kh1 Rc3 78. Kg1 Kg3 79. Ra1 Kf3 80. Rf1+ Kg3 81. Ra1 Rc2 82. Ra3+ Kh4 83. Ra1 Kh3 84. Ra3+ g3 85. Ra1 Rg2+ 86. Kh1 Rh2+ 87. Kg1 Rf2 88. Rb1 Rf3 89. Ra1 g2 90. Rb1 Kg3 91. Ra1 Rf1+ 92. Rxf1 gxf1=Q+ 93. Kxf1 1/2-1/2

[Event "Carnaval"]
[Site "Quebec CAN"]
[Date "2025.02.23"]
[Round "4"]
[White "Gauvin, Mathieu"]
[Black "Humbert, Jules"]
[Result "1-0"]
[ECO "B71"]
[WhiteElo "1222"]
[BlackElo "1109"]
[WhiteFideId "-1"]
[WhiteFideId "-1"]
[PlyCount "58"]
[GameId "2151043325473750"]
[EventDate "2025.02.21"]
[EventType "swiss"]
[EventRounds "5"]
[EventCountry "CAN"]
[TimeControl "5400+30"]

1. e4 c5 2. Nf3 d6 3. d4 cxd4 4. Nxd4 Nf6 5. Nc3 g6 6. f4 Bg7 7. e5 dxe5 8. fxe5 Ng4 9. Bb5+ Nc6 10. Nxc6 Qxd1+ 11. Nxd1 Bd7 12. Nd4 Nxe5 13. Bxd7+ Nxd7 14. c3 O-O 15. O-O Rac8 16. Nf2 Ne5 17. Bg5 Rfe8 18. Rfe1 e6 19. Rad1 Nc4 20. Re2 h6 21. Be3 Red8 22. b3 Nb6 23. c4 Rc7 24. Red2 Rcd7 25. Nf3 Rxd2 26. Rxd2 Rxd2 27. Nxd2 Bc3 28. Nde4 Bb2 29. Nd6 Kf8 1-0

[Event "Carnaval"]
[Site "Quebec CAN"]
[Date "2025.02.23"]
[Round "4"]
[White "Guillemette, Thomas"]
[Black "Masse, Hugues"]
[Result "0-1"]
[ECO "C07"]
[WhiteElo "1871"]
[BlackElo "2121"]
[WhiteFideId "-1"]
[WhiteFideId "-1"]
[PlyCount "34"]
[GameId "2151043325453259"]
[EventDate "2025.02.21"]
[EventType "swiss"]
[EventRounds "5"]
[EventCountry "CAN"]
[TimeControl "5400+30"]

1. e4 e6 2. d4 d5 3. Nd2 c5 4. exd5 Qxd5 5. Ngf3 cxd4 6. g3 b6 7. Bc4 Qd6 8. a3 Nf6 9. Nb3 Nc6 10. Nbxd4 Nxd4 11. Qxd4 Bb7 12. Qxd6 Bxd6 13. Ke2 Ng4 14. Rd1 Bxf3+ 15. Kxf3 Ne5+ 16. Ke2 Nxc4 17. b3 Be5 0-1

[Event "Carnaval"]
[Site "Quebec CAN"]
[Date "2025.02.23"]
[Round "4"]
[White "Latorre, Vincent"]
[Black "Drolet, Stephane"]
[Result "1-0"]
[ECO "D02"]
[WhiteElo "2368"]
[BlackElo "2038"]
[WhiteFideId "-1"]
[WhiteFideId "-1"]
[PlyCount "51"]
[GameId "2151043325440961"]
[EventDate "2025.02.21"]
[EventType "swiss"]
[EventRounds "5"]
[EventCountry "CAN"]
[TimeControl "5400+30"]

1. Nf3 d5 2. g3 Nc6 3. d4 Bf5 4. Bg2 Qd7 5. O-O Bh3 6. Bxh3 Qxh3 7. c4 O-O-O 8. Ng5 Qh5 9. e4 Qg6 10. cxd5 Nb4 11. Nc3 Nh6 12. a3 Qa6 13. Be3 Nd3 14. Qc2 e5 15. dxe6 f6 16. Nf3 Qxe6 17. Rad1 Qh3 18. Bxh6 gxh6 19. Qxd3 Rg8 20. Kh1 h5 21. Ng1 Qe6 22. Qf3 Rg5 23. h4 Ra5 24. d5 Qe8 25. Nce2 Ra4 26. Nd4 1-0